 Dungeon Crawl Stone Soup version 0.31-a0-728-g01b46875f1 (webtiles) character file.

Game seed: 5026229708756937763

21 Newt the Trooper (level 2, -1/20 HPs)
             Began as a Gargoyle Fighter on Sept 11, 2023.
             Slain by a gnoll
             ... wielding a +0 spear
              (6 damage)
             ... on level 2 of the Dungeon.
             The game lasted 00:00:41 (648 turns).

Newt the Trooper (Gargoyle Fighter)                  Turns: 648, Time: 00:00:41

Health: -1/20      AC:  9    Str: 19    XL:     2   Next: 87%
Magic:  2/2        EV:  9    Int:  8    God:
Gold:   70         SH:  4    Dex:  9    Spells: 1/1 levels left

rFire   . . .        a - +0 flail
rCold   . . .        c - +0 buckler
rNeg    + . .        b - +0 scale mail
rPois   ∞            (no helmet)
rElec   +            (no cloak)
rCorr   .            (no gloves)
SInv    .            (no boots)
Will    .....        (no amulet) Stlth
                     (no ring)
HPRegen 0.23/turn    (no ring)
MPRegen 0.08/turn

%: no passive effects
@: no status effects
A: sickness immunity, AC +2, negative energy resistance 1, electricity
resistance, torment resistance 1, petrification resistance
a: no special abilities


You were on level 2 of the Dungeon.
You visited 1 branch of the dungeon, and saw 2 of its levels.

You collected 70 gold pieces.

Inventory:

Hand Weapons
 a - a +0 flail (weapon)
Missiles
 k - 9 poisoned darts
Armour
 b - a +0 scale mail (worn)
 c - a +0 buckler (worn)
Scrolls
 f - a scroll of silence {unknown}
 g - a scroll of identify {unknown}
 h - a scroll of fear {unknown}
Potions
 d - a potion of might
 e - 4 potions of heal wounds {unknown}
 i - a potion of ambrosia {unknown}
 j - a potion of degeneration {unknown}


   Skills:
 * Level 4.4 Fighting
 - Level 2.0 Maces & Flails
 - Level 3.2 Armour
 - Level 3.2 Shields


You had one spell level left.
You didn't know any spells.
Your spell library contained the following spells:

 Spells                   Type           Power      Damage    Failure   Level
 Dispel Undead            Necr           0%         3d6       100%        4
 Death Channel            Necr           0%         N/A       100%        6
 Cigotuvi's Dreadful Rot  Necr/Pois/Air  Unusable   N/A       N/A         2

Dungeon Overview and Level Annotations

Branches:
Dungeon (2/15)

Altars:


Innate Abilities, Weirdness & Mutations

You are immune to sickness and miasma.
Your stone body is resilient. (AC +2)
You are immune to poison.
You resist negative energy. (rN+)
You are resistant to electric shocks. (rElec)
You are resistant to unholy torment.
You are immune to petrification.


Message History

There is a stone staircase leading up here.
Unknown command.
You closely miss the kobold. The gnoll barely misses you.
You block the kobold's attack.
The gnoll hits you from afar with a +0 spear.
The kobold barely misses you. You block the gnoll's attack.
You climb upwards.
There is a stone staircase leading down here.
You barely miss the kobold. The kobold closely misses you.
The kobold barely misses you.
You sock the kobold!
You kill the kobold!
No target in view!
No target in view!
You start resting.
HP restored.
You climb downwards.
There is a stone staircase leading up here.
Found a gold piece.
The kobold throws a stone.
The stone hits you. The kobold hits you but does no damage.
You barely miss the kobold. You block the kobold's attack.
You closely miss the kobold. The gnoll closely misses you.
The kobold barely misses you.
The gnoll hits you from afar with a +0 spear.
The kobold hits you but does no damage.
You hit the kobold.
You kill the kobold!
The gnoll hits you from afar with a +0 spear.
You are too injured to fight recklessly!
You are too injured to fight recklessly!
You are too injured to fight recklessly!
You are too injured to fight recklessly!
You are too injured to fight recklessly!
You are too injured to fight recklessly!
You are too injured to fight recklessly!
Unknown command.
The gnoll hits you with a +0 spear.
* * * LOW HITPOINT WARNING * * *
You hit the gnoll but do no damage. The gnoll hits you with a +0 spear.
You die...

#....
#######...###
#.......#...#
#.#.#.#.#.#.#
.......<....#
#.#.#.#.#.#.#
............#
.#.#.#.#.#.###
......g@....#
.#.#.#.#)#.##
....$......#
#.#.#.#.#.##
...........#
#.#.#.#.# ##
#########


You could see a gnoll.

Vanquished Creatures
  2 bats (D:1)
  3 endoplasms
  3 goblins (D:1)
  A hobgoblin (D:1)
  3 kobolds
  2 quokkas (D:1)
  2 frilled lizards (D:1)
  2 rats (D:1)
18 creatures vanquished.

Notes
Turn   | Place    | Note
-------+----------+-------------------------------------------
     0 | D:1      | Newt the Gargoyle Fighter began the quest for the Orb.
     0 | D:1      | Reached XP level 1. HP: 14/14 MP: 1/1
   249 | D:1      | Reached XP level 2. HP: 20/20 MP: 2/2
   274 | D:1      | Reached skill level 4 in Fighting
   648 | D:2      | Slain by a gnoll

Illustrated notes

Levels and vault maps discovered:
D:1:      scummos_arrival_hexagon, layout_rooms, serial_forest,
          infiniplex_forest_lined_2, infiniplex_forest_end_3,
          infiniplex_forest_lined_3, infiniplex_forest_lined_room_3,
          infiniplex_forest_end_3, infiniplex_forest_3_way,
          infiniplex_forest_pool, infiniplex_forest_end_2,
          chequers_serial_rivers_micro_e
D:2:      layout_basic, dreamdust_ecumenical_altar_statues, st_stairs_10,
          kennysheep_cluttered_room

Skill      XL: |  1  2 |
---------------+-------+-----
Fighting       | 4 |  4.4
Maces & Flails | |  2.0
Armour         | |  3.2
Shields        | |  3.2

Action                     || total
---------------------------++-------
  Melee: Flail             ||    40
 Armour: Scale mail        ||    36
  Dodge: Dodged            ||    20
  Block: Buckler           ||     6

Table legend: (Time is in decaauts)
 A = Elapsed time spent in this place.
 B = Non-inter-level travel time spent in this place.
 C = Inter-level travel time spent in this place.
 D = Time resting spent in this place.
 E = Time spent auto-exploring this place.
 F = Levels seen in this place.
 G = Mean time per level.
                   A        B        C        D        E       F      G
               +--------+--------+--------+--------+--------+-----+--------+
         Total |    662 |    649 |     13 |     13 |    523 |   2 |  331.0 |
       Dungeon |    662 |    649 |     13 |     13 |    523 |   2 |  331.0 |
               +--------+--------+--------+--------+--------+-----+--------+

Top non-repeatable levels by time:
     D:1: 644 daAuts
     D:2: 18 daAuts
